 Dungeon Crawl Stone Soup version 0.24-a0-784-g601f8f6d22 (webtiles) character file.

Game seed: 13037982034545861349, levelgen mode: deterministic

5493 IC0N0FSIN the Chucker (level 10, -2/69 HPs)
             Began as a Demonspawn Fire Elementalist on Oct 9, 2019.
             Was a Believer of Dithmenos.
             Slain by a yak (9 damage)
             ... on level 10 of the Dungeon.
             The game lasted 01:32:00 (12314 turns).

IC0N0FSIN the Chucker (DsFE)                       Turns: 12314, Time: 01:32:00

Health: -2/69      AC: 10    Str:  9    XL:     10   Next: 42%
Magic:  19/19      EV: 17    Int: 19    God:    Dithmenos [**....]
Gold:   125        SH:  2    Dex: 17    Spells: 20/21 levels left

rFire    + . .     SeeInvis .   w - +4 rapier (venom)
rCold    + . .     Gourm    .   (no shield)
rNeg     . . .     Faith    .   H - +1 ring mail of Nuweg {rElec rPois Stlth-}
rPois    +         Spirit   .   (helmet restricted)
rElec    +         Reflect  +   d - +2 cloak
rCorr    +         Harm     .   (gloves unavailable)
MR       .....                  (boots unavailable)
Stlth    ++........             n - +2 amulet of reflection
HPRegen  0.21/turn              B - ring of flight
MPRegen  0.16/turn              (no ring)

@: agile, resistant, marked, very slightly contaminated, wreathed by umbra,
invisible
A: claws 3, horns 1, talons 3, clumsy 1, demonic guardian 1, poison resistance
a: Shadow Step, Renounce Religion, Evoke Flight


You were on level 10 of the Dungeon.
You worshipped Dithmenos.
Dithmenos was pleased with you.
You were not hungry.

You visited 2 branches of the dungeon, and saw 11 of its levels.

You collected 434 gold pieces.
You spent 309 gold pieces at shops.

Inventory:

Hand Weapons
 o - a +2 trident of venom
 w - a +4 rapier of venom (weapon)
 A - a +1 flail of protection
 C - a +1 vampiric spear
 D - a +0 short sword of speed
Missiles
 q - 3 boomerangs (quivered)
Armour
 d - a +2 cloak (worn)
 g - a +0 shield
 H - the +1 ring mail of Nuweg (worn) {rElec rPois Stlth-}
   (You found it on level 8 of the Dungeon)

   It insulates you from electricity.
   It protects you from poison.
   It makes you less stealthy.
Jewellery
 n - a +2 amulet of reflection (around neck)
 x - an uncursed amulet of rage
 B - a ring of flight (left claw)
Wands
 t - a wand of iceblast (8)
 v - a wand of acid (4)
 y - a wand of enslavement (8)
Scrolls
 b - a scroll of identify
 h - 3 scrolls of immolation
 p - a scroll of teleportation
 s - 2 scrolls of fear
 u - 3 scrolls of remove curse
 E - a scroll of enchant armour
Potions
 a - a potion of mutation
 e - 3 potions of degeneration
 j - a potion of agility
 l - 2 potions of lignification
 m - 3 potions of flight
 r - a potion of ambrosia
Comestibles
 c - 22 rations
 z - 7 chunks of flesh


   Skills:
 + Level 2.9 Fighting
 + Level 4.6 Short Blades
 + Level 1.6 Polearms
 + Level 6.4 Throwing
 + Level 3.7 Armour
 + Level 3.5 Dodging
 + Level 3.8 Stealth
 + Level 6.1 Spellcasting
 + Level 5.6 Conjurations
 + Level 6.0 Fire Magic


You had 20 spell levels left.
You knew the following spells:

 Your Spells              Type           Power        Failure   Level  Hunger
a - Flame Tongue          Conj/Fire      ####.        2%          1    None

Your spell library contained the following spells:

 Spells                   Type           Power        Failure   Level  Hunger
 Throw Flame              Conj/Fire      ####..       4%          2    None
 Conjure Flame            Conj/Fire      ####....     8%          3    ##.....
 Inner Flame              Hex/Fire       ###.....     26%         3    ##.....
 Sticky Flame             Conj/Fire      ####....     26%         4    ####...
 Fireball                 Conj/Fire      ####......   58%         5    #####..


Dungeon Overview and Level Annotations

Branches:
Dungeon (10/15)            Temple (1/1) D:7
   Lair: D:8-11         Orc: D:9-12

Altars:
Ashenzari
Cheibriados
Dithmenos
Elyvilon
Fedhas
Gozag
Hepliaklqana
Kikubaaqudgha
Makhleb
Nemelex Xobeh
Okawaru
Qazlal
Ru
Sif Muna
Trog
Uskayaw
Vehumet
Wu Jian
Xom
Yredelemnul
Zin
The Shining One

Shops:
D:5 [   D:7 }   D:10 *


Innate Abilities, Weirdness & Mutations

You have claws for hands.
You have a pair of small horns on your head.
You have claws for feet.
A weak demonic guardian rushes to your aid.
You are clumsy. (Dex -2)
Your system is resistant to poisons. (rPois)


Message History

The vampire mosquito draws strength from your injuries!
An orange demon comes into view.
The yak gores you!
* * * LOW HITPOINT WARNING * * *
Your quasit misses the vampire mosquito.
Your quasit claws the vampire mosquito but does no damage.
Your quasit barely misses the vampire mosquito.
The vampire mosquito misses you. The yak completely misses you.
The vampire mosquito barely misses you.
The vampire mosquito closely misses you.
The vampire mosquito misses you.
The vampire mosquito completely misses you.
The yak completely misses you. The vampire mosquito misses you.
Your quasit bites the vampire mosquito but does no damage.
Your quasit barely misses the vampire mosquito.
Your quasit misses the vampire mosquito.
The yak misses you.
The vampire mosquito closely misses you.
The yak gores you!
You die...

..#.. #.#.# #.#.#
#.#.# #.#.# #.#F#
#######Y#y#.###.
..44.oYY@yyy....
##.####Y#y#.###.
#.#5# #.#.#
#.#.#######.
###'#.[.......
...#.........####
...#.........#
######.##.........#


You could see 2 orange demons, 4 yaks, a hornet, 4 vampire mosquitoes, a
bullfrog, an orc and a friendly quasit.

Vanquished Creatures
  Harold (D:10)
  Psyche (D:8)
  A hornet (D:6)
  A hippogriff (D:8)
  A vampire (D:10)
  A spriggan (D:7)
  A yak (D:10)
  Eustachio (D:6)
  2 sky beasts
  4 orc warriors (D:6)
  An ogre (D:10)
  4 phantoms
  5 centaurs
  A big kobold (D:8)
  3 bullfrogs
  A wyvern zombie (D:10)
  A scorpion (D:4)
  2 howler monkeys
  5 crimson imps
  4 hounds
  2 quasits
  A bullfrog skeleton (D:6)
  9 orc priests
  2 iguanas
  10 orc wizards
  5 worker ants
  A killer bee zombie (D:10)
  A hound zombie (D:10)
  A worker ant zombie (D:6)
  2 howler monkey zombies (D:6)
  11 gnolls
  18 adders
  2 shadow imps
  An adder zombie (D:6)
  An adder skeleton (D:4)
  2 worms
  2 dart slugs (D:1)
  4 leopard geckos
  22 orcs
  15 giant cockroaches
  5 goblins
  4 hobgoblins
  4 jackals
  5 quokkas
  2 ball pythons
  4 bats
  6 frilled lizards
  2 giant cockroach zombies (D:5)
  10 kobolds
  A quokka skeleton (D:6)
  A quokka zombie (D:4)
  4 rats
201 creatures vanquished.

Vanquished Creatures (collateral kills)
  An ice beast (D:6)
  A black bear (D:9)
  An ogre (D:6)
  A gnoll sergeant (D:6)
  A howler monkey (D:10)
  An orc priest (D:10)
  An orc wizard (D:6)
  A gnoll (D:4)
  An adder skeleton (D:6)
  2 orcs
  A goblin (D:3)
  A kobold (D:8)
  A rat (D:3)
14 creatures vanquished.

Vanquished Creatures (others)
  Blork the orc (D:4)
  An orc (D:6)
2 creatures vanquished.

Grand Total: 217 creatures vanquished

Notes
Turn   | Place    | Note
-------+----------+-------------------------------------------
     0 | D:1      | IC0N0FSIN the Demonspawn Fire Elementalist began the quest
                  | for the Orb.
     0 | D:1      | Reached XP level 1. HP: 13/13 MP: 3/3
   196 | D:1      | Gained mutation: You have sharp fingernails. [demonic
                  | ancestry]
   196 | D:1      | Reached XP level 2. HP: 17/19 MP: 0/5
   928 | D:1      | Gained mutation: A weak demonic guardian rushes to your
                  | aid. [demonic ancestry]
   928 | D:1      | Reached XP level 3. HP: 20/24 MP: 0/6
  2425 | D:3      | Reached skill level 1 in Armour
  2425 | D:3      | Gained mutation: You have sharp toenails. [demonic
                  | ancestry]
  2425 | D:3      | Reached XP level 4. HP: 18/30 MP: 1/7
  2846 | D:3      | Found a shimmering altar of Xom.
  3236 | D:3      | Found a sparkling altar of Nemelex Xobeh.
  3356 | D:3      | Reached XP level 5. HP: 26/36 MP: 3/9
  3984 | D:4      | Noticed a phantom
  3999 | D:4      | Killed a phantom
  4118 | D:4      | Found a radiant altar of Vehumet.
  4197 | D:4      | Gained mutation: You have very sharp fingernails. [demonic
                  | ancestry]
  4197 | D:4      | Reached XP level 6. HP: 42/42 MP: 3/10
  4318 | D:4      | Found a bloodstained altar of Trog.
  4398 | D:4      | Found an iron altar of Okawaru.
  4694 | D:4      | Reached skill level 1 in Fighting
  4711 | D:4      | Noticed Blork the orc
  4732 | D:4      | Killed Blork the orc
  4862 | D:4      | Found a shimmering blue altar of Sif Muna.
  5028 | D:5      | Entered Level 5 of the Dungeon
  5092 | D:5      | Found a shadowy altar of Dithmenos.
  5246 | D:5      | Reached skill level 1 in Polearms
  5246 | D:5      | Gained mutation: You have razor-sharp toenails. [demonic
                  | ancestry]
  5246 | D:5      | Reached XP level 7. HP: 44/48 MP: 5/12
  5367 | D:5      | Found Guriasho's Antique Armour Shop.
  5375 | D:5      | Bought a dyed leather armour for 115 gold pieces
  5450 | D:5      | Found a sacrificial altar of Ru.
  6012 | D:6      | Reached skill level 1 in Throwing
  6045 | D:6      | Noticed Eustachio
  6054 | D:6      | Killed Eustachio
  6060 | D:6      | Gained mutation: You have claws for feet. [demonic
                  | ancestry]
  6060 | D:6      | Reached XP level 8. HP: 45/54 MP: 11/14
  6713 | D:5      | Gained mutation: You are clumsy. (Dex -2) [potion of
                  | mutation]
  6713 | D:5      | Gained mutation: Your system is resistant to poisons.
                  | (rPois) [potion of mutation]
  7178 | D:6      | Reached skill level 5 in Spellcasting
  7207 | D:6      | Reached skill level 5 in Fire Magic
  7373 | D:6      | Reached skill level 1 in Short Blades
  7944 | D:6      | Found a bloodstained altar of Trog.
  8292 | D:6      | Gained mutation: You have a pair of small horns on your
                  | head. [demonic ancestry]
  8292 | D:6      | Reached XP level 9. HP: 58/61 MP: 14/16
  8520 | D:6      | Found a white marble altar of Elyvilon.
  8549 | D:6      | Paralysed by a hornet for 2 turns
  8550 | D:6      | HP: 1/61 [hornet (11)]
  8806 | D:7      | Found Voeresi's Gadget Boutique.
  9286 | D:7      | Found a hazy altar of Hepliaklqana.
  9421 | D:7      | Found a staircase to the Ecumenical Temple.
  9428 | Temple   | Entered the Ecumenical Temple
  9515 | Temple   | Became a worshipper of Dithmenos the Shadowed
  9862 | D:7      | Found a glowing golden altar of the Shining One.
  9865 | D:7      | Found a stormy altar of Qazlal.
  9868 | D:7      | Found a basalt altar of Yredelemnul.
  9886 | D:7      | Reached skill level 5 in Conjurations
 10133 | D:8      | Reached skill level 5 in Throwing
 10274 | D:8      | Got a spiked ring mail
 10278 | D:8      | Identified the cursed +1 ring mail of Nuweg {rElec rPois
                  | Stlth-} (You found it on level 8 of the Dungeon)
 10336 | D:8      | Reached * piety under Dithmenos
 10532 | D:8      | Found a blossoming altar of Fedhas.
 10550 | D:8      | Found a burning altar of Makhleb.
 10608 | D:8      | Noticed Psyche
 10616 | D:8      | Killed Psyche
 10652 | D:8      | Found a burning altar of Makhleb.
 10981 | D:9      | Gained mutation: You have claws for hands. [demonic
                  | ancestry]
 10981 | D:9      | Reached XP level 10. HP: 61/68 MP: 16/18
 11779 | D:10     | Entered Level 10 of the Dungeon
 11848 | D:10     | Found Eproidar's Eclectic Emporium.
 11854 | D:10     | Bought a scroll of enchant armour for 97 gold pieces
 11854 | D:10     | Bought a scroll of enchant weapon for 97 gold pieces
 12060 | D:10     | Identified a scroll of acquirement
 12193 | D:10     | Reached ** piety under Dithmenos
 12233 | D:10     | Noticed Harold
 12279 | D:10     | Killed Harold
 12285 | D:10     | HP: 5/103 [vampire mosquito (5)]
 12312 | D:10     | Noticed an orange demon
 12313 | D:10     | Noticed an orange demon
 12314 | D:10     | Slain by a yak

Levels and vault maps discovered:
D:1:      minmay_arrival_shattered_statue, layout_loops_ring,
          supply_closet_lemuel, hangedman_decor_push, minmay_worlds_worst_comb
D:2:      layout_basic, first_ration
D:3:      layout_basic, nicolae_overflow_hidden_temple,
          overflow_temple_1_default, st_stairs_1
D:4:      layout_cave_pools, bloody_trog, tgw_sif, kennysheep_mini_moat,
          amethyst_killhole, okawaru_gym_becter
D:5:      layout_gridville, nicolae_ru_great_annihilating_truth, serial_shops,
          nicolae_shop_stone, chequers_arboretum,
          grunt_dithmenos_smoke_and_mirrors
D:6:      layout_basic, lemuel_round_altar, basic_altar,
          minmay_increasing_density, uniq_blork_the_orc, uniq_eustachio
D:7:      layout_loops_ring, grunt_temple_overflow_diamond, lemuel_round_altar,
          minmay_temple_entry_junction, serial_shops, shop, the_bakery
D:8:      layout_basic, old_standard_altar, kennysheep_little_box, basic_altar,
          uniq_psyche
D:9:      layout_roguey
D:10:     layout_basic, kennysheep_nondescript, nicolae_alphabet_shops,
          minmay_beelzebubs_servants, uniq_harold
Temple:   jpeg_temple_island

Skill      XL: |  1  2  3  4  5  6  7  8  9 10 |
---------------+-------------------------------+-----
Fire Magic     | 3 4 5 6 |  6.0
Dodging        | 2 3 |  3.5
Armour         | 1 2 3 |  3.7
Conjurations   | 2 3 4 5 |  5.6
Stealth        | 2 3 |  3.8
Spellcasting   | 3 4 5 6 |  6.1
Fighting       | 1 2 |  2.9
Polearms       | 1 |  1.6
Throwing       | 1 4 6 |  6.4
Short Blades   | 2 3 4 |  4.6

Action                   |  1- 3 |  4- 6 |  7- 9 | 10-12 || total
-------------------------+-------+-------+-------+-------++-------
Melee: Dagger            |    32 |       |       |       ||    32
       Spear             |    11 |    21 |    25 |       ||    57
       Kick              |       |     3 |    28 |    10 ||    41
       Rapier            |       |       |   127 |    81 ||   208
       Headbutt          |       |       |     8 |     9 ||    17
Throw: Boomerang         |       |       |   173 |    34 ||   207
       Throwing net      |       |       |     3 |       ||     3
 Cast: Flame Tongue      |    64 |    97 |   185 |    37 ||   383
  Use: Scroll            |     3 |     1 |    12 |     7 ||    23
       Potion            |       |       |     7 |    11 ||    18
 Stab: Distracted        |       |       |     1 |     2 ||     3
       Invisible         |       |       |       |     2 ||     2
  Eat: Chunk             |     5 |     9 |    18 |     4 ||    36
Armor: Robe              |     3 |       |       |       ||     3
       Leather armour    |    23 |    11 |    76 |       ||   110
       Ring mail         |       |       |     7 |    35 ||    42
       Skin              |       |       |       |   139 ||   139
Dodge: Dodged            |    40 |    26 |   120 |   122 ||   308
Block: Other             |       |       |       |     6 ||     6

Table legend:
 A = Non-vault XP
 B = Vault XP
 C = Vault XP percentage of total XP
 D = Non-vault monster count
 E = Vault monster count
 F = Vault count percentage of total count
                 A         B        C        D         E       F
            +---------+---------+-------+---------+---------+-------
      Total |    5770 |    2078 |  26.5 |     194 |      23 |  10.6
            +---------+---------+-------+---------+---------+-------
        D:1 |      34 |      10 |  22.7 |      18 |       5 |  21.7
        D:2 |      41 |       0 |   0.0 |      10 |       0 |   0.0
        D:3 |     109 |      34 |  23.8 |      20 |       3 |  13.0
        D:4 |     323 |      82 |  20.2 |      13 |       1 |   7.1
        D:5 |     453 |      41 |   8.3 |      14 |       4 |  22.2
        D:6 |    1927 |     367 |  16.0 |      45 |       7 |  13.5
        D:7 |     498 |     215 |  30.2 |      16 |       1 |   5.9
        D:8 |     792 |     424 |  34.9 |      27 |       1 |   3.6
        D:9 |     608 |       0 |   0.0 |      10 |       0 |   0.0
       D:10 |     985 |     905 |  47.9 |      21 |       1 |   4.5
            +---------+---------+-------+---------+---------+-------
